cohdb
Replays
Latest Replays
All Replays
Popular Replays
Top Player Replays
Match Explorer
How It Works
Community
CoH3 Stats
Reddit
Sign in to upload your games and track your stats! →
Sign in with Steam
Match 42421507
Unlisted
Match 42421507
Overview
Messages
Build Orders
End
Construct Weapon Support Center
Engineer Squad
Selects Special Operations Battlegroup
M1919 Machine Gun Team
M1919 Machine Gun Team
M1919 Machine Gun Team
Infantry Support Center
Selects M29 Weasel with M1 Pack Howitzer
.30 cal Machine Gun
M29 Weasel with M1 Pack Howitzer
Construct Medical Station
Engineer Squad
Construct Motor Pool
Selects Raiding Flares
Selects SSF Commando Squad
SSF Commando Squad
M24 Chaffee Light Tank
SSF Commando Squad
M24 Chaffee Light Tank
SSF Commando Squad
Selects P-47 Anti-Infantry Loiter
P-47 Anti-Infantry Loiter
Selects UNKNOWN (2162291)
Selects M4A1 Sherman Whizbang
M4A1 Sherman Whizbang
Engineer Squad
SS20132013
Nubbl0r
0
0
Comments
sign in to comment!
No comments posted yet!